 Dungeon Crawl Stone Soup version 0.24.0-1-gfbc8707 (webtiles) character file.

Game seed: 7577484145113029103, levelgen mode: deterministic

369 Illumine the Chopper (level 6, 0/57 HPs)
             Began as a Deep Dwarf Fighter on Nov 7, 2019.
             Slain by an ogre
             ... wielding a +0 giant club
              (25 damage)
             ... on level 5 of the Dungeon.
             The game lasted 00:03:28 (3196 turns).

Illumine the Chopper (Deep Dwarf Fighter)           Turns: 3196, Time: 00:03:30

Health: 0/57       AC: 10    Str: 21    XL:     6   Next: 41%
Magic:  5/5        EV:  5    Int:  9    God:
Gold:   220        SH: 10    Dex: 12    Spells: 5/5 levels left

rFire    . . .     SeeInvis .   a - +0 war axe
rCold    . . .     Gourm    .   c - +0 shield
rNeg     . . .     Faith    .   m - +0 chain mail
rPois    .         Spirit   .   q - +0 helmet
rElec    .         Reflect  .   (no cloak)
rCorr    .         Harm     .   (no gloves)
MR       .....                  (no boots)
Stlth    ..........             k - amulet of the acrobat
HPRegen  0.00/turn              (no ring)
MPRegen  0.09/turn              (no ring)

@: non-regenerating
A: damage resistance, heal wounds, sense surroundings 1, no regeneration
a: Heal Wounds


You were on level 5 of the Dungeon.
You were not hungry.

You visited 1 branch of the dungeon, and saw 5 of its levels.

You collected 220 gold pieces.

Inventory:

Hand Weapons
 a - a +0 war axe (weapon)
 w - a +1 flail of crushing
Armour
 c - a +0 shield (worn)
 m - a +0 chain mail (worn)
 q - a +0 helmet (worn)
Jewellery
 k - an amulet of the acrobat (around neck)
 t - a cursed -3 ring of dexterity {unknown}
 u - a cursed ring of attention {unknown}
 y - an uncursed amulet of guardian spirit {unknown}
Wands
 D - a wand of disintegration (15)
Scrolls
 b - a scroll of blinking {unknown}
 g - 2 scrolls of fog
 h - 4 scrolls of teleportation {unknown}
 l - 3 scrolls of immolation {unknown}
 n - a scroll of fear {unknown}
 o - 3 scrolls of remove curse {unknown}
 s - 5 scrolls of identify
 v - a scroll of noise {unknown}
 A - a scroll of magic mapping {unknown}
 B - a scroll of enchant weapon {unknown}
Potions
 d - 2 potions of might
 e - a potion of ambrosia {unknown}
 i - a potion of mutation {unknown}
 j - 4 potions of berserk rage {unknown}
 p - 6 potions of curing {unknown}
 r - 2 potions of degeneration {unknown}
 x - a potion of brilliance {unknown}
 z - a potion of lignification {unknown}
 C - a potion of heal wounds {unknown}
 F - a potion of haste {unknown}
Comestibles
 f - 11 rations
 E - 2 chunks of flesh


   Skills:
 + Level 3.7 Fighting
 * Level 5.0 Axes
 + Level 4.6 Armour
 + Level 0.0 Dodging
 + Level 4.6 Shields


You had 5 spell levels left.
You didn't know any spells.
Your spell library was empty.

Dungeon Overview and Level Annotations

Branches:
Dungeon (5/15)             Temple (0/1) D:5

Altars:

Annotations:
D:2 1 runed translucent door, Crazy Yiuf


Innate Abilities, Weirdness & Mutations

You are resistant to damage.
You can heal yourself by infusing magical energy.
You passively map a small area around you.
You do not regenerate.


Message History

There are monsters nearby!
The ogre hits you with a +0 giant club!
You are too injured to fight recklessly!
You feel much better. The ogre barely misses you.
You barely miss the ogre. The ogre hits you with a +0 giant club.
The hippogriff bites you. The hippogriff pecks you.
The hippogriff claws you but does no damage.
You slash the ogre!
The ogre is heavily wounded.
You closely miss the hippogriff.
The hippogriff bites you but does no damage.
The hippogriff pecks you. The hippogriff completely misses you.
The ogre hits you with a +0 giant club!
Your shield and chain mail prevent you from hitting the ogre.
The ogre is heavily wounded.
You barely miss the hippogriff. The hippogriff closely misses you.
The hippogriff pecks you.
The hippogriff claws you but does no damage.
The ogre hits you with a +0 giant club!!
You die...

, , ,_ #........#.# * ,
* 8 ##..........# * ,
#...........# , * *
#.......)...#
##+#...........# * .
#..#...........#
>..###..............#
*........##....[.....#
**.8.8.8H@#############
..⌠.⌠.O## * .8.>.8.
..⌠.⌠..* .8.8.8.
....... *#######*


You could see a hippogriff and an ogre.

Vanquished Creatures
  A bullfrog (D:3)
  A scorpion (D:4)
  A worker ant (D:4)
  Terence (D:3)
  Robin (D:3)
  3 gnolls (D:4)
  3 adders
  2 oozes
  An adder skeleton (D:4)
  5 worms
  4 dart slugs
  A leopard gecko (D:1)
  9 orcs
  5 bats
  5 giant cockroaches (D:2)
  15 goblins
  8 hobgoblins
  5 jackals (D:4)
  2 quokkas
  4 ball pythons
  4 frilled lizards
  A jackal skeleton (D:4)
  10 kobolds
  7 rats
99 creatures vanquished.

Notes
Turn   | Place    | Note
-------+----------+-------------------------------------------
     0 | D:1      | Illumine the Deep Dwarf Fighter began the quest for the
                  | Orb.
     0 | D:1      | Reached XP level 1. HP: 20/20 MP: 1/1
   294 | D:1      | Reached XP level 2. HP: 22/27 MP: 2/2
   723 | D:2      | Reached skill level 3 in Axes
   723 | D:2      | Reached XP level 3. HP: 33/33 MP: 2/2
   943 | D:2      | Reached XP level 4. HP: 37/42 MP: 3/3
  1245 | D:2      | Found a runed translucent door.
  1246 | D:2      | Noticed Crazy Yiuf
  1713 | D:3      | Noticed Robin
  1753 | D:3      | Killed Robin
  1859 | D:3      | Noticed a bullfrog
  1873 | D:3      | Killed a bullfrog
  1873 | D:3      | Reached skill level 4 in Axes
  1873 | D:3      | Reached XP level 5. HP: 25/49 MP: 4/4
  2108 | D:3      | Noticed Terence
  2121 | D:3      | Killed Terence
  2393 | D:4      | Reached XP level 6. HP: 42/56 MP: 5/5
  3045 | D:4      | Reached skill level 5 in Axes
  3156 | D:5      | Entered Level 5 of the Dungeon
  3189 | D:5      | Found a staircase to the Ecumenical Temple.
  3190 | D:5      | Noticed a hippogriff
  3196 | D:5      | Slain by an ogre

Levels and vault maps discovered:
D:1:      lemuel_arrival_lava_pool, layout_basic, kennysheep_small_spiral,
          wander_ebering_terrifying_dragon_lair
D:2:      minmay_skewed_foursquare, layout_basic, first_ration,
          uniq_crazy_yiuf_cottage
D:3:      layout_basic, uniq_robin, uniq_terence
D:4:      minmay_general_purpose_star, layout_basic, roderic_lattice_a
D:5:      layout_basic, regret_index_temple_of_mockery,
          minmay_temple_entry_statues_fountains

Skill      XL: |  1  2  3  4  5  6 |
---------------+-------------------+-----
Axes           | 3 4 5 |  5.0
Fighting       | 3 |  3.7
Armour         | 4 |  4.6
Shields        | 4 |  4.6

Action                   |  1- 3 |  4- 6 || total
-------------------------+-------+-------++-------
Melee: War axe           |   136 |   227 ||   363
 Abil: Heal Wounds       |     1 |     4 ||     5
  Use: Scroll            |       |     2 ||     2
  Eat: Chunk             |       |     8 ||     8
Armor: Scale mail        |    37 |       ||    37
       Chain mail        |    26 |   121 ||   147
Dodge: Dodged            |    34 |    45 ||    79
Block: Shield            |    78 |   144 ||   222
